 Dungeon Crawl Stone Soup version 0.24-a0-781-g048a31f (webtiles) character file.

Game seed: 13847881860908310569, levelgen mode: deterministic

1110 Deaus the Slasher (level 8, -12/90 HPs)
             Began as a Demonspawn Gladiator on Oct 8, 2019.
             Mangled by a two-headed ogre
             ... wielding a +0 giant spiked club
              (19 damage)
             ... on level 5 of the Dungeon.
             The game lasted 00:11:58 (5105 turns).

Deaus the Slasher (Demonspawn Gladiator)            Turns: 5105, Time: 00:11:58

Health: -12/90     AC: 12    Str: 21    XL:     8   Next: 11%
Magic:  0/8        EV: 12    Int: 10    God:
Gold:   156        SH:  0    Dex: 15    Spells: 7/7 levels left

rFire    . . .     SeeInvis .   a - +0 long sword
rCold    . . .     Gourm    .   (no shield)
rNeg     . . .     Faith    .   l - +0 chain mail
rPois    .         Spirit   +   (helmet restricted)
rElec    .         Reflect  .   (no cloak)
rCorr    .         Harm     .   h - +2 pair of gloves
MR       .....                  (no boots)
Stlth    ..........             (no amulet)
HPRegen  0.25/turn              (no ring)
MPRegen  0.22/turn              (no ring)

@: berserking (expiring), very quick
A: antennae 1, spiny 1, magic shield, magic regeneration, magic link, sturdy
frame 2
a: no special abilities


You were on level 5 of the Dungeon.
You were near starving.

You visited 2 branches of the dungeon, and saw 6 of its levels.

You collected 156 gold pieces.

Inventory:

Hand Weapons
 a - a +0 long sword (weapon)
 p - a +2 antimagic morningstar
Missiles
 d - 5 throwing nets (quivered)
Armour
 c - a +0 helmet
 h - a +2 pair of gloves (worn)
 l - a +0 chain mail (worn)
Jewellery
 n - an uncursed amulet of rage
 o - a +4 ring of evasion {unknown}
 u - an uncursed ring of protection from magic
Wands
 b - a wand of polymorph (12)
 q - a wand of iceblast (17)
 w - a wand of digging (4)
Scrolls
 e - 7 scrolls of identify
 g - a scroll of enchant armour {unknown}
 i - a scroll of teleportation
 m - 3 scrolls of remove curse
 r - a scroll of magic mapping {unknown}
 s - a scroll of immolation {unknown}
 t - a scroll of enchant weapon {unknown}
 v - a scroll of noise {unknown}
Potions
 k - a potion of magic {unknown}
 x - a potion of curing {unknown}
 z - 2 potions of lignification {unknown}
Comestibles
 f - 12 rations


   Skills:
 * Level 4.2 Fighting
 + Level 6.3 Long Blades
 - Level 1.8 Throwing
 * Level 4.2 Armour
 * Level 4.2 Dodging


You had 7 spell levels left.
You didn't know any spells.
Your spell library contained the following spells:

 Spells                   Type           Power        Failure   Level  Hunger
 Animate Skeleton         Necr           N/A          77%         1    ##.....
 Beastly Appendage        Tmut           #.....       77%         1    ##.....
 Pain                     Necr           #...         77%         1    ##.....
 Summon Small Mammal      Summ           #...         77%         1    ##.....
 Call Imp                 Summ           #.......     88%         2    ###....
 Sticks to Snakes         Tmut           #.......     88%         2    ###....
 Call Canine Familiar     Summ           #.......     98%         3    ####...
 Regeneration             Chrm/Necr      #.........   98%         3    ####...
 Spider Form              Tmut/Pois      #.........   98%         3    ####...
 Summon Guardian Golem    Hex/Summ       #.......     98%         3    ####...
 Vampiric Draining        Necr           #.........   98%         3    ####...
 Animate Dead             Necr           N/A          100%        4    #####..
 Ice Form                 Ice/Tmut       #.......     100%        4    #####..
 Summon Ice Beast         Ice/Summ       #.......     100%        4    #####..
 Summon Lightning Spire   Summ/Air       #.......     100%        4    #####..
 Blade Hands              Tmut           #.........   100%        5    ######.


Dungeon Overview and Level Annotations

Branches:
Dungeon (5/15)             Temple (1/1) D:5

Altars:
Cheibriados
Dithmenos
Elyvilon
Gozag
Kikubaaqudgha
Nemelex Xobeh
Okawaru
Qazlal
Ru
Sif Muna
Trog
Uskayaw
Vehumet
Wu Jian
Xom
Yredelemnul
Zin
The Shining One

Shops:
D:4 *


Innate Abilities, Weirdness & Mutations

You have a pair of small antennae on your head.
You are partially covered in sharp spines.
When hurt, damage is shared between your health and your magic reserves.
You regenerate magic rapidly.
When low on magic, you restore magic in place of health.
Your movements are less encumbered by armour. (ER -4)


Message History

You shred the net and break free!
You feel your anger nearly subside. The two-headed ogre closely misses you.
You riposte.
You hit the two-headed ogre.
The two-headed ogre is lightly wounded.
The two-headed ogre barely misses you. The gnoll barely misses you.
You hit the two-headed ogre.
The two-headed ogre is lightly wounded.
The two-headed ogre is struck by your spines.
The two-headed ogre misses you.
You riposte.
You hit the two-headed ogre.
The two-headed ogre is moderately wounded.
The two-headed ogre hits you with a cursed +0 dire flail.
* * * LOW HITPOINT WARNING * * *
You slice the two-headed ogre!!
The two-headed ogre is severely wounded.
The gnoll closely misses you.
You slash the two-headed ogre!
The two-headed ogre is almost dead.
The two-headed ogre hits you with a +0 giant spiked club!!
You die...

#......#
#........#############
#.####.#
#.####.#.............#
#.# #.# #.#
#.#.############# #.#
#.# #.# #.#.# #.# #.#
#.# ##.#g# #.# #.#
#.###....# #.#
#.#####.#..g#g.#####
#.#
#....[...#..O......#
#.#
#######.###@######.##
#.# #.## ##.## #..#
#.# ##.###..)#####.#
#.# #..#.)........#
#.# #.#...)#...#..#
#.#######
#.....###.###.#
#.......##
###....#...#..#
##.......#
###...._....#
#.####..# ##..#...#..#


You could see a two-headed ogre and 3 gnolls.

Vanquished Creatures
  Edmund (D:5)
  An ice beast (D:5)
  A centaur (D:5)
  A scorpion (D:5)
  3 hounds
  A centaur zombie (D:5)
  4 orc priests
  A bullfrog skeleton (D:3)
  3 orc wizards
  Terence (D:1)
  A worker ant (D:5)
  Natasha (thrice) (D:2)
  An iguana (D:4)
  Robin (D:2)
  A howler monkey zombie (D:5)
  6 adders
  5 gnolls
  An adder skeleton (D:4)
  3 worms
  6 dart slugs
  8 leopard geckos
  9 orcs
  2 giant cockroaches
  19 goblins
  10 hobgoblins
  11 jackals
  10 kobolds
  2 quokkas
  A ball python (D:3)
  5 bats
  6 frilled lizards
  A quokka skeleton (D:5)
  10 rats
139 creatures vanquished.

Notes
Turn   | Place    | Note
-------+----------+-------------------------------------------
     0 | D:1      | Deaus the Demonspawn Gladiator began the quest for the Orb.
     0 | D:1      | Reached XP level 1. HP: 16/16 MP: 1/1
   449 | D:1      | Gained mutation: You are partially covered in sharp spines.
                  | [demonic ancestry]
   449 | D:1      | Reached XP level 2. HP: 18/22 MP: 2/2
   810 | D:1      | Reached skill level 3 in Long Blades
   987 | D:1      | Gained mutation: Your movements are slightly less
                  | encumbered by armour. (ER -2) [demonic ancestry]
   987 | D:1      | Reached XP level 3. HP: 28/28 MP: 3/3
  1191 | D:2      | Noticed Terence
  1244 | D:1      | Killed Terence
  1305 | D:2      | Found a faded altar of an unknown god.
  1318 | D:2      | Gained mutation: Your movements are less encumbered by
                  | armour. (ER -4) [demonic ancestry]
  1318 | D:2      | Reached XP level 4. HP: 28/34 MP: 4/4
  1478 | D:2      | Reached skill level 1 in Armour
  1487 | D:2      | Noticed Robin
  1503 | D:2      | Noticed Natasha
  1508 | D:2      | Killed Robin
  1513 | D:2      | Killed Natasha
  1513 | D:2      | Reached skill level 4 in Long Blades
  1704 | D:2      | Noticed Natasha
  1739 | D:2      | Killed Natasha
  1739 | D:2      | Gained mutation: When hurt, damage is shared between your
                  | health and your magic reserves. [demonic ancestry]
  1739 | D:2      | Reached XP level 5. HP: 19/40 MP: 5/5
  1890 | D:2      | Noticed Natasha
  1899 | D:2      | Killed Natasha
  2345 | D:3      | Gained mutation: You have a pair of small antennae on your
                  | head. [demonic ancestry]
  2345 | D:3      | Reached XP level 6. HP: 38/46 MP: 2/6
  3006 | D:4      | Found an opulent altar of Gozag.
  3027 | D:4      | Found Gozag's Platinum Reserve.
  3053 | D:3      | Reached skill level 5 in Long Blades
  3310 | D:4      | Gained mutation: You regenerate magic rapidly. [demonic
                  | ancestry]
  3310 | D:4      | Reached XP level 7. HP: 50/52 MP: 7/7
  3697 | D:4      | Found a shimmering altar of Xom.
  3697 | D:4      | Found a glowing golden altar of the Shining One.
  3879 | D:4      | Found a sacrificial altar of Ru.
  4019 | D:5      | Entered Level 5 of the Dungeon
  4033 | D:5      | Noticed Edmund
  4138 | D:5      | Found a radiant altar of Vehumet.
  4140 | D:5      | Reached skill level 6 in Long Blades
  4249 | D:5      | Killed Edmund
  4359 | D:5      | Found a staircase to the Ecumenical Temple.
  4370 | Temple   | Entered the Ecumenical Temple
  4664 | D:5      | Gained mutation: When low on magic, you restore magic in
                  | place of health. [demonic ancestry]
  4664 | D:5      | Reached XP level 8. HP: 51/60 MP: 8/8
  5016 | D:5      | Noticed a two-headed ogre
  5105 | D:5      | Mangled by a two-headed ogre

Levels and vault maps discovered:
D:1:      lemuel_arrival_broad_hall, layout_basic
D:2:      layout_basic, chequers_ecumenical_altar_simple, uniq_natasha,
          uniq_robin, uniq_terence
D:3:      layout_basic
D:4:      layout_cave_pools, amethyst_overflow_temple_binary,
          nicolae_ru_path_of_blood, nicolae_gozag_zags_fifth_avenue,
          serial_rivers, chequers_serial_rivers_small_3,
          chequers_serial_rivers_micro_d, chequers_serial_rivers_micro_e,
          chequers_serial_rivers_room_b
D:5:      kennysheep_six_static_rooms, layout_loops_ring, vehumet_crystals,
          minmay_temple_entry_glassed_door, first_ration, uniq_edmund
Temple:   cyrus_circular_temple

Skill      XL: |  1  2  3  4  5  6  7  8 |
---------------+-------------------------+-----
Dodging        | 3 4 |  4.2
Long Blades    | 3 4 5 6 |  6.3
Armour         | 1 2 3 4 |  4.2
Fighting       | 3 4 |  4.2
Throwing       | |  1.8

Action                   |  1- 3 |  4- 6 |  7- 9 || total
-------------------------+-------+-------+-------++-------
Melee: Long sword        |    85 |   160 |    97 ||   342
  Use: Potion            |       |     2 |     1 ||     3
       Scroll            |       |       |     3 ||     3
  Eat: Chunk             |     1 |     7 |     4 ||    12
Armor: Leather armour    |    14 |       |       ||    14
       Chain mail        |    15 |    98 |    37 ||   150
Dodge: Dodged            |    53 |    99 |    52 ||   204
       Rpst.: Long sword |    17 |    31 |    13 ||    61

Table legend:
 A = Non-vault XP
 B = Vault XP
 C = Vault XP percentage of total XP
 D = Non-vault monster count
 E = Vault monster count
 F = Vault count percentage of total count
                 A         B        C        D         E       F
            +---------+---------+-------+---------+---------+-------
      Total |    1313 |     273 |  17.2 |     124 |      15 |  10.8
            +---------+---------+-------+---------+---------+-------
        D:1 |      41 |      36 |  46.8 |      20 |       1 |   4.8
        D:2 |     215 |      71 |  24.8 |      30 |      13 |  30.2
        D:3 |     239 |       0 |   0.0 |      39 |       0 |   0.0
        D:4 |     297 |       0 |   0.0 |      21 |       0 |   0.0
        D:5 |     521 |     166 |  24.2 |      14 |       1 |   6.7
            +---------+---------+-------+---------+---------+-------
